 Dungeon Crawl Stone Soup version 0.30.1-11-g7821555f0a (webtiles) character file.

Game seed: 9618439635569378802

126550 cdudytooty the Severer (level 17, -38/136 HPs)
             Began as a Human Berserker on Jan 8, 2024.
             Was a High Priest of Trog.
             Killed by an exploding starcursed mass (52 damage)
             ... ignited by their inner flame
             ... on level 2 of the Abyss on Jan 11, 2024.
             The game lasted 07:20:18 (48425 turns).

cdudytooty the Severer (Human Berserker)           Turns: 48425, Time: 07:20:19

Health: -38/136    AC: 22    Str: 24    XL:     17   Next: 53%
Magic:  0/13       EV: 12    Int:  5    God:    Trog [*****.]
Gold:   1331       SH: 10    Dex: 10    Spells: 16/16 levels left

rFire   . . .        d - +6 eveningstar (spect)
rCold   x . .        j - +0 kite shield
rNeg    . . .        y - +4 scale mail "Vemosoq" {Str+3 Int+2}
rPois   +            D - +0 helmet
rElec   +            h - +0 cloak
rCorr   +            e - +1 pair of gloves
SInv    .            A - +2 pair of boots
Will    +....        N - amulet of guardian spirit Stlth
                     C - ring of Daxol {*Slow rElec rPois rCorr}
HPRegen 0.00/turn    s - +4 ring of protection
MPRegen 0.13/turn

%: random rage (9%), slow self (1%), guardian spirit
@: berserking, inhibited regen, unable to read, unable to drink, very quick
A: high MP 1, wild magic 1, cold vulnerability 1, [berserk 2], [clumsy 2],
[deformed body], [deterioration 2], [dopey 2], [frail 3], [low MP 3], [screaming
2], [inhibited regeneration], ([teleportitis 2]), [weak 2], [no potion heal 2],
[subdued magic 2], [inability to drink after injury 2], [inability to read after
injury 2]
a: Renounce Religion, Berserk, Trog's Hand, Brothers in Arms


You were on level 2 of the Abyss.
You worshipped Trog.
Trog was extremely pleased with you.
You visited 4 branches of the dungeon, and saw 23 of its levels.
You visited the Abyss 1 time.

You collected 2329 gold pieces.
You spent 998 gold pieces at shops.

Inventory:

Hand Weapons
 d - a +6 spectral eveningstar (weapon)
 l - a +4 heavy broad axe
Missiles
 u - 14 curare-tipped darts
 w - 22 boomerangs (quivered)
 L - 2 atropa-tipped darts
Armour
 e - a +1 pair of gloves (worn)
 h - a +0 cloak (worn)
 j - a +0 kite shield (worn)
 y - the +4 scale mail "Vemosoq" (worn) {Str+3 Int+2}
   (You found it on level 4 of the Lair of Beasts)

   Str:       It affects your strength (+3).
   Int:       It affects your intelligence (+2).
 A - a +2 pair of boots (worn)
 D - a +0 helmet (worn)
 Q - the +18 shield of the Gong {Loud rN+ Will+ rCorr EV-5}
   (You found it on level 10 of the Dungeon)

   Loud:      It is deafeningly noisy when blocking attacks.
   EV:        It affects your evasion (-5).
   rN:        It protects you from negative energy.
   rCorr:     It protects you from acid and corrosion.
   Will:      It increases your willpower.
Magical Staves
 t - a staff of fire
Jewellery
 m - a ring of protection from cold
 p - a +4 ring of slaying
 s - a +4 ring of protection (right hand)
 v - a ring of see invisible
 C - the ring of Daxol (left hand) {*Slow rElec rPois rCorr}
   (You bought it in a shop on level 2 of the Orcish Mines)

   [ring of poison resistance]

   rElec:     It insulates you from electricity.
   rPois:     It protects you from poison.
   rCorr:     It protects you from acid and corrosion.
   *Slow:     It may slow you when you take damage.
 N - an amulet of guardian spirit (around neck)
Wands
 c - a wand of mindburst (21)
 q - a wand of digging (6)
 B - a wand of flame (22)
 J - a wand of charming (21)
 O - a wand of roots (4)
 X - a wand of acid (4)
Scrolls
 a - 3 scrolls of vulnerability
 b - a scroll of torment
 i - a scroll of teleportation
 k - a scroll of silence
 o - a scroll of magic mapping
 r - 3 scrolls of fog
 z - 3 scrolls of fear
 K - a scroll of enchant armour
 T - 2 scrolls of blinking
 V - 2 scrolls of immolation
Potions
 f - a potion of resistance
 g - a potion of mutation
 x - 2 potions of flight
 E - a potion of invisibility
 F - 5 potions of might
 H - 3 potions of attraction
 M - 2 potions of ambrosia
 P - 4 potions of curing
 R - 3 potions of brilliance
 S - a potion of cancellation {unknown}
 U - a potion of berserk rage {unknown}
 Y - 2 potions of haste
 Z - a potion of heal wounds
Miscellaneous
 n - a piece from Xom's chessboard (15/15)


   Skills:
 - Level 11.4 Fighting
 - Level 19.0(19.2) Axes
 * Level 5.1(13.4) Maces & Flails
 - Level 9.1 Throwing
 - Level 9.4 Armour
 - Level 8.9 Dodging
 - Level 4.5 Stealth
 - Level 9.1 Shields
 - Level 2.3 Evocations


You had 16 spell levels left.
You didn't know any spells.
Your spell library contained the following spells:

 Spells                   Type           Power      Damage    Failure   Level
 Apportation              Tloc           0%         N/A       90%         1
 Magic Dart               Conj           0%         1d3       90%         1
 Sandblast                Erth           0%         2d4       90%         1
 Summon Small Mammal      Summ           0%         N/A       90%         1
 Call Imp                 Summ           0%         N/A       97%         2
 Ensorcelled Hibernation  Hex/Ice        0%         N/A       97%         2
 Passwall                 Tmut/Erth      0%         N/A       97%         2
 Call Canine Familiar     Summ           0%         N/A       99%         3
 Mephitic Cloud           Conj/Pois/Air  0%         N/A       99%         3
 Spider Form              Tmut/Pois      0%         N/A       99%         3
 Stone Arrow              Conj/Erth      0%         3d7       99%         3
 Summon Guardian Golem    Hex/Summ       0%         N/A       99%         3
 Swiftness                Air            0%         N/A       99%         3
 Anguish                  Hex/Necr       0%         N/A       100%        4
 Alistair's Intoxication  Tmut/Pois      0%         N/A       100%        5
 Summon Forest            Summ/Tloc      0%         N/A       100%        5
 Eringya's Noxious Bog    Tmut/Pois      0%         N/A       100%        6
 Summon Hydra             Summ           0%         N/A       100%        7


Dungeon Overview and Level Annotations

Branches:
Dungeon (15/15)            Temple (0/1) D:7            Lair (5/5) D:10
 Shoals (0/4) Lair:3        Snake (1/4) Lair:3        Slime (0/5) Lair:4
    Orc (2/2) D:10            Elf (0/3) Orc:2        Vaults (0/5) D:13
 Depths (0/4) D:15

Altars:
Ashenzari
Elyvilon
Fedhas
Hepliaklqana
Kikubaaqudgha
Makhleb
Nemelex Xobeh
Ru
Sif Muna
Trog
Yredelemnul
Jiyva

Shops:
D:4 *   D:5 *   Orc:1 (   Orc:2 [(=*

Annotations:
D:1 3 exclusions
Lair:2 exclusion: oklob plant
Lair:3 exclusion: oklob plant
Snake:1 Agnes


Innate Abilities, Weirdness & Mutations

You have an increased reservoir of magic. (+10% MP)
Your spells are a little harder to cast, but a little more powerful.
You are vulnerable to cold. (rC-)
[You have an uncontrollable temper.]
[You are very clumsy. (Dex -4)]
[Armour fits poorly on your strangely shaped body.]
[Your body often deteriorates upon taking damage.]
[You are very dopey. (Int -4)]
[You are extremely frail. (-30% HP)]
[Your magical capacity is extremely low. (-30% MP)]
[You frequently scream uncontrollably at your foes.]
[You do not regenerate when monsters are visible.]
[((You are often teleported next to monsters.))]
[You are very weak. (Str -4)]
[Potions cannot restore your health.]
[Your spells are easier to cast, but less powerful.]
[You sometimes lose the ability to drink potions when taking damage.]
[You sometimes lose the ability to read scrolls when taking damage.]


Message History

You block the wraith's attack.
The worldbinder hits you but does no damage.
The worldbinder hits you.
A deafening chorus of shrieks assaults your mind!
* * * LOW HITPOINT WARNING * * *
You suddenly lose the ability to move!
The worldbinder calls forth creatures from the Vaults!
The wretched star pulses with an eldritch light!
Your connection to magic feels subdued.
Your connection to magic feels more subdued.
Your ogre twists and deforms.
You can move again.
The white very ugly thing disappears in a puff of smoke!
A bone dragon comes into view.
You feel a strong urge to attack something.
Your ogre hits the worldbinder with a +0 giant spiked club!!
Flame seeps out of the worldbinder.
The worldbinder is engulfed in blazing flames.
Flame seeps out of the worldbinder.
The starcursed mass touches your ogre!
Strange energies crackle from the ironbound thunderhulk's apparatus.
The ironbound thunderhulk blinks!
A starcursed mass splits.
You puncture the worldbinder!
Flame seeps out of the worldbinder.
The worldbinder is almost destroyed.
Your +6 spectral eveningstar hits the worldbinder!!!
You feel the power of Trog in you as your rage grows.
Trog accepts your kill.
The ironbound thunderhulk disappears in a puff of smoke!
The green very ugly thing disappears in a puff of smoke!
The ironbound thunderhulk disappears in a puff of smoke!
The worldbinder explodes!
The fiery explosion engulfs the starcursed mass!!
Trog accepts your kill. The fiery explosion engulfs you!!
* * * LOW HITPOINT WARNING * * *
The starcursed mass explodes!
The fiery explosion engulfs the wraith!!
You destroy the wraith!
Trog accepts your kill. The fiery explosion engulfs you!!!
You die...

.###..##...#.....
#..#..##....#.#.
#.......*.#..## .
#.#....X§..# #
##....§h§X..#.##
....§§§.OXX.....
#..§§§○XX.#..#.
.#.#(○§.§..### .
#§@##....#
#..##...##
#....h...#
....._.#...
##........##.
.....D...#
#.......
.......#.


You could see a bone dragon, 6 starcursed masses, a raiju, a friendly ogre
(summoned, berserk, misshapen) and a friendly +6 spectral eveningstar.

Vanquished Creatures
  A fire giant (D:12)
  Louise (D:15)
  A very ugly thing (Abyss:2)
  A quicksilver ooze (shapeshifter) (D:14)
  A dire elephant (shapeshifter) (D:14)
  Snorg (D:10)
  Josephine (D:10)
  A deep elf high priest (D:12)
  An anaconda (Snake:1)
  4 hydras
  3 centaur warriors
  An anaconda (shapeshifter) (D:12)
  The ghost of tmcgee265 the Cleaver, a journeyman FoFi of Hepliaklqana (D:9)
  2 catoblepae
  9 two-headed ogres
  A naga warrior (Snake:1)
  3 boulder beetles
  A thrashing horror (Abyss:2)
  2 tengu warriors
  2 naga sharpshooters (Snake:1)
  Urug (Orc:1)
  6 orc high priests
  The ghost of caec the Transmogrifier, a novice DrTm of Hepliaklqana (D:8)
  Sonja (D:11)
  Amaemon (Lair:1)
  Lodul (D:9)
  A naga ritualist (Snake:1)
  Pikel (D:7)
  6 orc knights
  2 necromancers
  A wizard (D:14)
  11 ugly things
  A cyclops (D:14)
  A wolf spider (D:15)
  3 deep elf pyromancers
  2 mana vipers (Snake:1)
  2 salamanders (Snake:1)
  2 manticores
  4 orc sorcerers
  A worldbinder (Abyss:2)
  A spectral centaur (D:9)
  4 naga magi (Snake:1)
  6 black mambas
  2 vault sentinels (D:10)
  4 elephants (Lair:3)
  2 centaur zombies (D:9)
  Joseph (D:10)
  5 cane toads
  An orange demon (Lair:1)
  2 unseen horrors
  A gargoyle (D:14)
  2 kobold demonologists
  A freezing wraith (D:15)
  A rime drake (Lair:2)
  2 tengu conjurers (D:13)
  11 komodo dragons
  11 trolls
  5 polar bears
  5 hornets
  A raiju (Abyss:2)
  6 blink frogs
  A dream sheep (Lair:5)
  2 centaur simulacra (D:9)
  3 slime creatures
  16 spriggans
  8 wraiths
  A water elemental (D:12)
  5 wyverns
  3 shadows
  37 yaks
  2 vampires
  2 steam dragons (D:9)
  2 basilisks (D:14)
  7 vampire mosquitoes
  10 wargs
  An acid dragon (D:10)
  3 nagas
  A floating eye (shapeshifter) (D:12)
  10 water moccasins
  12 black bears
  3 ice beasts
  40 orc warriors
  2 sky beasts (D:7)
  A swamp drake (shapeshifter) (D:15)
  20 wolves
  12 ogres
  7 boggarts
  2 centaurs
  A starcursed mass (Abyss:2)
  A lemure (D:7)
  2 phantoms (D:5)
  6 kobold brigands
  11 bullfrogs
  2 elf zombies (D:6)
  2 elf skeletons (D:6)
  6 scorpions
  A gnoll sergeant (D:12)
  5 killer bees (D:11)
  A jelly (D:4)
  A howler monkey (D:4)
  5 electric eels
  6 hounds
  A human zombie (D:6)
  19 orc priests
  An iron imp (Abyss:2)
  A gnoll bouda (D:6)
  2 iguanas (D:4)
  3 sleepcaps
  30 orc wizards
  6 hell rats (Lair:5)
  3 yak simulacra (Lair:5)
  5 wolf simulacra (Lair:5)
  2 boggart simulacra (D:9)
  8 gnolls
  11 adders
  A shadow imp (D:6)
  A white imp (D:7)
  2 ufetubi
  6 dart slugs
  99 orcs
  16 ball pythons
  6 bats
  8 endoplasms
  2 giant cockroaches
  8 goblins
  5 hobgoblins
  15 kobolds
  11 quokkas
  6 frilled lizards
  An orc skeleton (D:6)
  5 rats
  3 river rat simulacra (Lair:5)
  A butterfly (Lair:5)
712 creatures vanquished.

Vanquished Creatures (collateral kills)
  An orc warlord (Orc:2)
  A warg (Orc:2)
  An orc (Orc:2)
3 creatures vanquished.

Vanquished Creatures (others)
  A boggart (D:15)
  2 orc wizards
  An orc (Orc:2)
  4 kobolds (D:9)
8 creatures vanquished.

Grand Total: 723 creatures vanquished

Notes
Turn   | Place    | Note
-------+----------+-------------------------------------------
     0 | D:1      | cdudytooty the Human Berserker began the quest for the Orb.
     0 | D:1      | Reached XP level 1. HP: 18/18 MP: 1/1
    90 | D:1      | Reached XP level 2. HP: 23/24 MP: 2/2
   537 | D:1      | Reached XP level 3. HP: 26/29 MP: 3/3
  1525 | D:1      | Found a faded altar of an unknown god.
  1609 | D:1      | Reached ** piety under Trog
  1861 | D:2      | Reached XP level 4. HP: 35/35 MP: 4/4
  2677 | D:2      | Reached skill level 1 in Axes
  3114 | D:2      | Found a sparkling altar of Nemelex Xobeh.
  3197 | D:2      | Reached XP level 5. HP: 41/41 MP: 5/5
  3861 | D:3      | Found a burning altar of Makhleb.
  4367 | D:3      | Reached skill level 1 in Shields
  4450 | D:3      | Reached XP level 6. HP: 47/47 MP: 6/6
  4851 | D:3      | Found a white marble altar of Elyvilon.
  4884 | D:3      | Reached skill level 2 in Axes
  6301 | D:4      | Reached skill level 3 in Axes
  6333 | D:4      | Reached XP level 7. HP: 49/52 MP: 7/7
  6475 | D:4      | Found Motwista's Assorted Antiques.
  6951 | D:5      | Entered Level 5 of the Dungeon
  6960 | D:5      | Reached skill level 4 in Axes
  7197 | D:5      | Found Buczug's Assorted Antiques.
  7517 | D:5      | Reached skill level 5 in Axes
  7609 | D:5      | Reached XP level 8. HP: 60/60 MP: 8/8
  8142 | D:6      | Reached skill level 6 in Axes
  8769 | D:6      | Reached skill level 7 in Axes
  8769 | D:6      | Reached XP level 9. HP: 66/66 MP: 9/9
  8780 | D:6      | Reached *** piety under Trog
  8911 | D:6      | Noticed a cyan ugly thing
  9032 | D:7      | Reached skill level 5 in Fighting
  9060 | D:7      | Reached skill level 1 in Throwing
  9087 | D:7      | Noticed Pikel
  9109 | D:6      | Killed a cyan ugly thing
  9347 | D:6      | Reached skill level 8 in Axes
  9973 | D:6      | Found a bloodstained altar of Trog.
 10348 | D:7      | Found a staircase to the Ecumenical Temple.
 10703 | D:7      | Reached skill level 9 in Axes
 10784 | D:7      | Reached **** piety under Trog
 10908 | D:7      | Reached XP level 10. HP: 74/74 MP: 10/10
 11157 | D:7      | Killed Pikel
 11158 | D:7      | Reached skill level 10 in Axes
 11158 | D:7      | Reached skill level 1 in Stealth
 11873 | D:5      | Bought a scroll of identify for 66 gold pieces
 11962 | D:8      | Found a runed translucent door.
 11968 | D:8      | Noticed caec's ghost (novice DrTm)
 11970 | D:8      | Identified the +8 spear "Kuucigh" {venom, rC+ Will+ Str+3}
 12390 | D:8      | Reached skill level 11 in Axes
 12634 | D:8      | Found a sacrificial altar of Ru.
 12844 | D:8      | Found a shimmering blue altar of Sif Muna.
 13185 | D:8      | Noticed a two-headed ogre
 13191 | D:8      | Killed a two-headed ogre
 13618 | D:9      | Noticed a two-headed ogre
 13917 | D:9      | Killed a two-headed ogre
 13918 | D:9      | Reached skill level 12 in Axes
 14367 | D:9      | Noticed a green ugly thing
 14374 | D:9      | Killed a green ugly thing
 14375 | D:9      | Reached XP level 11. HP: 80/80 MP: 11/11
 14898 | D:9      | Found a runed translucent gate.
 14898 | D:9      | Found a runed translucent gate.
 14898 | D:9      | Found a runed translucent gate.
 14907 | D:9      | Noticed tmcgee265's ghost (journeyman FoFi)
 15213 | D:9      | Reached skill level 13 in Axes
 15503 | D:10     | Entered Level 10 of the Dungeon
 15506 | D:10     | Noticed Joseph
 15542 | D:10     | Noticed Lodul
 15974 | D:9      | Killed Lodul
 16323 | D:9      | Reached skill level 14 in Axes
 16788 | D:10     | Killed Joseph
 17379 | D:10     | Noticed a two-headed ogre
 17398 | D:10     | Killed a two-headed ogre
 17525 | D:10     | Found a staircase to the Lair.
 17541 | D:10     | Noticed Snorg
 17700 | D:10     | Found a staircase to the Orcish Mines.
 18513 | D:8      | Reached skill level 15 in Axes
 18569 | D:8      | Killed caec's ghost
 18570 | D:8      | Reached XP level 12. HP: 86/86 MP: 12/12
 18832 | D:9      | Killed tmcgee265's ghost
 18897 | D:9      | Reached skill level 16 in Axes
 19230 | D:10     | Killed Snorg
 19231 | D:10     | Reached skill level 1 in Evocations
 19575 | D:10     | Found a blossoming altar of Fedhas.
 19576 | D:10     | Found a basalt altar of Yredelemnul.
 19758 | D:10     | Found a broken altar of Ashenzari.
 19762 | D:10     | Found a hazy altar of Hepliaklqana.
 19956 | D:10     | Found the +18 shield of the Gong {Loud rN+ Will+ rCorr
                  | EV-5}
 20201 | D:11     | Noticed Sonja
 21742 | D:11     | Noticed a two-headed ogre
 21755 | D:11     | Killed a two-headed ogre
 21993 | D:11     | Killed Sonja
 22734 | D:11     | Reached skill level 17 in Axes
 22839 | D:11     | Noticed a two-headed ogre
 22848 | D:11     | Killed a two-headed ogre
 23788 | D:11     | Noticed a boulder beetle
 23802 | D:11     | Killed a boulder beetle
 23803 | D:11     | Reached XP level 13. HP: 91/91 MP: 13/13
 24748 | D:12     | HP: 4/91 [poisoned by a kobold brigand]
 24749 | D:12     | Gained mutation: You have an increased reservoir of magic.
                  | (+10% MP) [potion of mutation]
 24749 | D:12     | Gained mutation: Your spells are a little harder to cast,
                  | but a little more powerful. [potion of mutation]
 24749 | D:12     | Gained mutation: You are vulnerable to cold. (rC-) [potion
                  | of mutation]
 25206 | D:12     | Reached skill level 18 in Axes
 26305 | D:12     | Noticed a fire giant
 26317 | D:12     | Killed a fire giant
 27072 | D:12     | a sea snake changed into an anaconda
 27072 | D:12     | Noticed an anaconda (glowing shapeshifter)
 27076 | D:12     | Killed an anaconda
 27077 | D:12     | Reached skill level 19 in Axes
 27135 | D:12     | Identified the amulet "Vuklig" {RegenMP rN+ Str+6}
 27135 | D:12     | Noticed a deep elf high priest
 27143 | D:12     | Killed a deep elf high priest
 27506 | Lair:1   | Entered Level 1 of the Lair of Beasts
 27823 | Lair:1   | Reached skill level 5 in Armour
 28372 | Lair:1   | Noticed Amaemon
 28397 | Lair:1   | Killed Amaemon
 29728 | Lair:2   | Reached skill level 5 in Shields
 29991 | Lair:2   | Reached skill level 5 in Dodging
 29991 | Lair:2   | Reached XP level 14. HP: 96/101 MP: 13/15
 30651 | Lair:2   | Found a blossoming altar of Fedhas.
 31058 | Lair:3   | Found a staircase to the Shoals.
 31524 | Lair:3   | Found a staircase to the Snake Pit.
 32318 | Lair:4   | Found a viscous altar of Jiyva.
 32318 | Lair:4   | Found a staircase to the Slime Pits.
 32963 | Lair:4   | Identified the +4 scale mail "Vemosoq" {Str+3 Int+2}
 33060 | Lair:5   | Entered Level 5 of the Lair of Beasts
 33279 | Lair:5   | Reached ***** piety under Trog
 33353 | Lair:5   | Identified the amulet of Accord {Faith Str+2 SInv}
 33499 | Lair:5   | Found a dark tunnel.
 35555 | Orc:1    | Entered Level 1 of the Orcish Mines
 35561 | Orc:1    | Noticed Josephine
 35666 | D:10     | Killed Josephine
 35667 | D:10     | Reached XP level 15. HP: 99/112 MP: 13/16
 36837 | Orc:1    | Found Fihic's Antique Weapon Emporium.
 37009 | Orc:1    | Bought a runed demon whip for 558 gold pieces
 37319 | Orc:2    | Entered Level 2 of the Orcish Mines
 38599 | Orc:2    | Received a gift from Trog
 38846 | Orc:2    | Noticed Urug
 38873 | Orc:2    | Paralysed by an orc sorcerer for 2 turns
 38878 | Orc:1    | Killed Urug
 39124 | Orc:2    | Noticed an orc warlord
 39155 | Orc:2    | Killed an orc warlord
 39720 | Orc:2    | Found Ongosa Guesm's Antique Weapon Emporium.
 39895 | Orc:2    | Found a staircase to the Elven Halls.
 40236 | Orc:2    | Found Vuin's Jewellery Emporium.
 40242 | Orc:2    | Found Saucseuw's Antique Armour Emporium.
 40252 | Orc:2    | Found Inwuv's General Store.
 41205 | D:13     | Identified the +1 ring mail "Tourok" {rCorr}
 42361 | D:13     | Found a gate to the Vaults.
 42709 | D:14     | Received a gift from Trog
 43075 | D:14     | a spark wasp changed into a quicksilver ooze
 43075 | D:14     | Noticed a quicksilver ooze (shapeshifter)
 43081 | D:14     | Killed a quicksilver ooze
 43417 | D:14     | Noticed a quicksilver dragon
 43562 | D:14     | Reached skill level 5 in Throwing
 43562 | D:14     | Reached XP level 16. HP: 74/121 MP: 9/17
 43912 | D:14     | Found an ancient bone altar of Kikubaaqudgha.
 44519 | D:15     | Entered Level 15 of the Dungeon
 44743 | D:15     | Noticed Louise
 44750 | D:15     | Identified the +8 shortbow "Temuy" {drain, rCorr}
 45363 | D:15     | Killed Louise
 46428 | D:15     | Found a staircase to the Depths.
 47230 | Orc:2    | Bought the ring of Daxol {*Slow rElec rPois rCorr} for 374
                  | gold pieces
 47403 | Snake:1  | Entered Level 1 of the Snake Pit
 48110 | Snake:1  | Received a gift from Trog
 48149 | Snake:1  | Reached XP level 17. HP: 131/131 MP: 18/18
 48329 | Snake:1  | Noticed Agnes
 48335 | Abyss:2  | Cast into level 2 of the Abyss (Agnes)
 48397 | Abyss:2  | Reached skill level 5 in Maces & Flails
 48411 | Abyss:2  | Found a corrupted altar of Lugonu.
 48421 | Abyss:2  | Paralysed by accursed screaming for 1 turns
 48424 | Abyss:2  | Noticed a bone dragon
 48425 | Abyss:2  | Killed by an exploding starcursed mass... ignited by their
                  | inner flame

Illustrated notes

Levels and vault maps discovered:
D:1:      roderic_crop_circles_arrival_small, layout_loops_ring,
          nicolae_ecumenical_snake_handling, chequers_serial_rivers_small_b
D:2:      layout_basic, basic_altar, hangedman_decor_growths
D:3:      layout_loops_corners, nicolae_overflow_crystal_walls,
          mainiacjoe_overflow_boulevard, minmay_increasing_density
D:4:      layout_loops_corners, serial_shops, shop
D:5:      layout_rooms, serial_shops, shop
D:6:      layout_loops_ring, lightli_temple_of_fire,
          nicolae_ossuary_entry_catacombs
D:7:      layout_cave_pods, minmay_temple_entry_offerings, uniq_pikel
D:8:      layout_basic, tgw_sif, nicolae_ru_the_path_less_chosen,
          ebering_ghost_funeral_grove, kennysheep_donut, kennysheep_nondescript
D:9:      layout_roguey, gammafunk_ghost_necromancy
D:10:     layout_cave_pools, nicolae_overflow_hidden_temple,
          due_lair_maze_entry_diamond, orc_0_dummy,
          hellmonk_guarded_unrand_gong, uniq_snorg, uniq_lodul, uniq_joseph
D:11:     layout_layer_cave, uniq_sonja
D:12:     cross_vault, layout_loops_ring
D:13:     layout_loops_corners, david_vaults_1
D:14:     layout_loops_ring, infiniplex_staircase_x,
          chequers_serial_rivers_marsh, kiku_gazebo_garden_becter
D:15:     hangedman_depths_entry_try_elsewhere_first, layout_small_grid,
          hangedman_abyss_or_decor_stabs, uniq_louise
Lair:1:   layout_hall_layers, serial_bayou_pond_b, pdpol_lair_neglected_garden,
          uniq_amaemon
Lair:2:   layout_gridlike, tgw_fedhas, serial_bayou_shore_a
Lair:3:   layout_misc_corridors, shoals_dummy_entry,
          guppyfry_snake_entry_island, minmay_lindwurm_lava,
          infiniplex_staircase_pool_2
Lair:4:   layout_small_grid, slime_entry_1, minmay_hedge_maze,
          grunt_megastairs_4, lemuel_fruit_fields
Lair:5:   minmay_lair_end_enchanted_forest, layout_cellular_growth,
          nicolae_volcano_entry_lava_flow, eino_house_with_fridge,
          lemuel_fruit_fields
Snake:1:  layout_layer_cave, statue_in_the_mist_lemuel, grunt_ministairs_4,
          minmay_shop_star, uniq_agnes
Orc:1:    layout_caves, serial_shops, shop, uniq_josephine
Orc:2:    grunt_orc_cross, layout_caves
Abyss:2:  base:
D:15

Skill      XL: |  1  2  3  4  5  6  7  8  9 10 11 12 13 14 15 16 17 |
---------------+----------------------------------------------------+-----
Axes           | 1 3 5 7 9 12 15 17 19 | 19.0
Dodging        | 3 5 7 8 |  8.9
Shields        | 1 2 3 5 7 9 |  9.1
Armour         | 3 4 5 7 9 |  9.4
Fighting       | 4 5 6 8 9 11 | 11.4
Maces & Flails | 4 5 |  5.1
Throwing       | 1 5 9 |  9.1
Stealth        | 1 3 4 |  4.5
Evocations     | 1 2 |  2.3

Action                     |  1- 3 |  4- 6 |  7- 9 | 10-12 | 13-15 | 16-18 || total
---------------------------+-------+-------+-------+-------+-------+-------++-------
  Melee: Mace              |   117 |    60 |    81 |     5 |       |       ||   263
         Broad axe         |    34 |    52 |    65 |   293 |   887 |   147 ||  1478
         Punch             |     1 |       |       |       |       |       ||     1
         War axe           |       |   102 |   271 |       |       |       ||   373
         Eveningstar       |       |       |       |       |       |    37 ||    37
  Throw: Stone             |     2 |    48 |       |     2 |       |       ||    52
         Boomerang         |       |       |    22 |    55 |    35 |    35 ||   147
         Dart              |       |       |       |    10 |       |       ||    10
 Invoke: Berserk           |     7 |     8 |    10 |    17 |    18 |     5 ||    65
         Trog's Hand       |       |       |       |     3 |     3 |       ||     6
         Brothers in Arms  |       |       |       |       |     1 |     1 ||     2
  Evoke: Wand              |       |       |       |    13 |     5 |       ||    18
    Use: Scroll            |     4 |     4 |     8 |    14 |     9 |     7 ||    46
         Potion            |       |       |     1 |     7 |     4 |     4 ||    16
   Stab: Sleeping          |     1 |       |       |       |     2 |       ||     3
         Distracted        |       |       |       |     1 |     1 |     3 ||     5
         Petrified         |       |       |       |       |     2 |       ||     2
 Armour: Animal skin       |    21 |       |       |       |       |       ||    21
         Ring mail         |    13 |    61 |       |       |       |       ||    74
         Scale mail        |       |    25 |   208 |   185 |   401 |   107 ||   926
  Dodge: Dodged            |    71 |   110 |   156 |   174 |   426 |   111 ||  1048
  Block: Kite shield       |     8 |   109 |   174 |   235 |   514 |    96 ||  1136
